AoeStats
← EL_DoN_TaPaS

Arabia

510129120Analyzed
1v1 RM · 2d ago on Sep 29, 2026· 44m 57s· 2 players
Game mode
Random Map
Map size
Tiny (2 player)
Population
200
Speed
Normal
Resources
Standard
Victory
Conquest
Starting age
Dark Age
Ending age
Imperial Age
RankedLock teamsTeams togetherTeam positionsShared explorationLock speedFull tech treeHidden civsTurbo modeCheats
Victory
Defeat
🇪🇸 Franks · Spain
1125
+14
🇹🇼 Danes · Taiwan
1090
-14
EL_DoN_TaPaS
2:39 Loom
10:20 Feudal Age
11:19 Double-Bit Axe
21:53 Castle Age
19:58 Gold Mining
20:25 Fletching
20:59 Padded Archer Armor
21:23 Scale Barding Armor
21:58 Forging
22:08 Town Watch
22:44 Bow Saw
23:47 Wheelbarrow
25:26 Hand Cart
33:34 Stone Mining
35:37 Bodkin Arrow
35:58 Leather Archer Armor
39:51 Imperial Age
38:14 Chain Barding Armor
38:30 Iron Casting
40:00 Ballistics
39:36 Murder Holes
41:06 Conscription
41:59 Chemistry
41:37 Plate Barding Armor
40:28 Cavalier
41:10 Husbandry
42:48 Masonry
Victor_Hsueh
6:49 Loom
9:06 Feudal Age
9:51 Double-Bit Axe
14:40 Fletching
15:56 Horse Collar
22:12 Castle Age
20:55 Gold Mining
22:12 Scale Mail Armor
29:15 Crossbowman
30:38 Bow Saw
30:36 Bodkin Arrow
32:20 Wheelbarrow
32:14 Town Watch
34:56 Forging
35:24 Pikeman
39:45 Imperial Age
37:55 Squires
38:22 Chain Mail Armor
38:46 Hand Cart
39:46 Halberdier
41:18 Conscription
44:01 Plate Mail Armor
Connection lost

Rejoining the realm…

Still unreachable

The connection could not be restored.

Session expired

The server has moved on; the page needs a fresh start.